 Dungeon Crawl Stone Soup version 0.28.0 (webtiles) character file.

Game seed: 4827753782370905946

149 tilp the Charlatan (level 5, 0/55 HPs)
             Began as a Gnoll Wanderer on Feb 14, 2022.
             Succumbed to an adder's poison
             ... in a sewer.
             The game lasted 00:04:48 (2957 turns).

tilp the Charlatan (Gnoll Wanderer)                 Turns: 2957, Time: 00:04:48

Health: 0/55       AC: 22    Str: 13    XL:     5   Next: 31%
Magic:  2/9        EV: -1    Int: 15    God:
Gold:   117        SH:  0    Dex:  8    Spells: 6/10 levels left

rFire   . . .      SeeInvis .   a - +2 mace
rCold   . . .      Faith    .   (no shield)
rNeg    . . .      Spirit   .   (armour currently unavailable)
rPois   +          Reflect  .   (helmet currently unavailable)
rElec   .          Harm     .   (cloak currently unavailable)
rCorr   .          Rampage  .   (gloves currently unavailable)
Will    .....      NoTele   +   (boots currently unavailable)
Stlth   ++........              (no amulet)
HPRegen 0.18/turn               (no ring)
MPRegen 0.11/turn               (no ring)

@: mighty, lethally poisoned (0 -> 0), tree-form, constricted, very slow
A: stationary, stasis, torment immunity, boosted hp, (fangs 1), strong nose,
distributed training
a: no special abilities


You were in a sewer.
You were a tree.
You visited 1 branch of the dungeon, and saw 3 of its levels.
You also visited: Sewer.

You collected 117 gold pieces.

Inventory:

Hand Weapons
 a - a +2 mace (weapon)
 o - a +1 whip of pain
Missiles
 c - 84 stones
 h - 12 arrows
 i - 41 sling bullets
 j - 23 bolts
Armour
 d - a +0 robe
 g - a +1 ring mail (melded)
Magical Staves
 m - a staff of air
Wands
 b - a wand of flame (4)
Potions
 e - a potion of brilliance


   Skills:
 + Level 1.4 Fighting
 + Level 1.4 Short Blades
 + Level 1.4 Long Blades
 + Level 1.4 Axes
 + Level 6.7 Maces & Flails
 + Level 1.4 Polearms
 + Level 1.4 Staves
 + Level 1.4 Slings
 + Level 1.4 Bows
 + Level 1.4 Crossbows
 + Level 1.4 Throwing
 + Level 1.4 Armour
 + Level 1.4 Dodging
 + Level 2.7 Stealth
 + Level 1.4 Shields
 + Level 1.4 Unarmed Combat
 + Level 3.1 Spellcasting
 + Level 1.1 Conjurations
 + Level 1.1 Hexes
 + Level 1.1 Summonings
 + Level 1.1 Necromancy
 + Level 1.1 Translocations
 + Level 1.1 Transmutations
 + Level 1.1 Fire Magic
 + Level 1.1 Ice Magic
 + Level 1.1 Air Magic
 + Level 3.9 Earth Magic
 + Level 1.1 Poison Magic
 + Level 1.6 Invocations
 + Level 6.7 Evocations


You had 6 spell levels left.
You knew the following spells:

 Your Spells              Type           Power      Damage    Failure   Level
a - Sandblast             Erth           28%        2d8       3%          1
b - Stone Arrow           Conj/Erth      20%        3d8       21%         3

Your spell library contained the following spells:

 Spells                   Type           Power      Damage    Failure   Level


Dungeon Overview and Level Annotations

Branches:
Dungeon (3/15)              Sewer (1/1)

Altars:


Innate Abilities, Weirdness & Mutations

You are a tree.
Your roots penetrate the ground, keeping you stationary.
You cannot be teleported.
You are immune to unholy pain and torment.
Your maximum health is greatly increased.
Your equipment is partially melded.
((You have very sharp teeth.))
Your uncanny sense of smell can sniff out nearby items.
Your experience applies equally to all skills.


Message History

* * * LOW HITPOINT WARNING * * *
You are lethally poisoned!
The adder poisons you! The adder bites you but does no damage.
The ball python barely misses you. x2; The ball python constricts you.
The adder barely misses you. The adder bites you but does no damage.
You escape the ball python's grasp.
* * * LOW HITPOINT WARNING * * *
You feel sick. The adder bites you but does no damage.
The rat twitches its whiskers.
The ball python barely misses you. The ball python grabs you.
The ball python constricts you.
Unknown command.
Unknown command.
You aren't carrying any scrolls.
Unknown command.
It was a potion of lignification.
You turn into a tree.
Your +1 ring mail melds into your body.
Your roots penetrate the ground.
* * * LOW HITPOINT WARNING * * *
You feel sick.
The adder bites you but does no damage. x2
Unknown command.
It was a potion of might.
You feel very mighty all of a sudden.
* * * LOW HITPOINT WARNING * * *
You feel sick. The adder bites you but does no damage.
The ball python bites you but does no damage.
The ball python constricts you.
The adder bites you but does no damage. x2
The ball python bites you but does no damage.
The ball python constricts you.
Unknown command.
Unknown command.
You sock the ball python!
You kill the ball python!
* * * LOW HITPOINT WARNING * * *
You feel sick. The adder bites you but does no damage.
The ball python bites you but does no damage.
The ball python grabs you. The ball python constricts you.
The adder bites you but does no damage.
You barely miss the ball python.
The ball python is severely wounded.
You die...

#≈#≈≈≈≈#
#≈≈≈≈
#≈≈#≈≈≈#
#≈≈≈≈
#≈≈≈≈≈≈#
#≈≈≈≈
#≈≈≈≈≈≈#
#≈.≈≈
#.≈≈≈≈≈#
#≈≈#≈
#≈≈≈≈≈≈#
#≈≈≈≈
#≈≈≈≈≈≈#
#≈≈≈≈
#≈≈≈≈≈≈#
#≈≈≈≈
#♣Sr≈≈≈#
#≈≈≈≈
#SSrr≈≈#
#≈≈≈≈
#≈r≈r≈≈#
#≈≈≈≈
#≈≈r≈≈≈#
#≈≈≈≈
#≈≈≈≈≈≈#
#≈≈≈≈ ∆
##≈≈†≈##
##≈≈≈ ∆∆
#......#
#....
#......##
#..∩∩
#.......#
#....


You could see 2 adders, a river rat, a ball python and 5 rats.

Vanquished Creatures
  3 adders (D:2)
  4 river rats
  4 worms
  A dart slug (D:1)
  An orc (D:3)
  5 ball pythons
  6 bats
  7 endoplasms
  6 giant cockroaches
  8 goblins
  3 hobgoblins
  A quokka (D:2)
  6 frilled lizards
  6 kobolds
  13 rats
74 creatures vanquished.

Notes
Turn   | Place    | Note
-------+----------+-------------------------------------------
     0 | D:1      | tilp the Gnoll Wanderer began the quest for the Orb.
     0 | D:1      | tilp set off with the following items: a +2 mace, a wand of
                  | flame (4), 41 stones, a +0 robe; and the following spell
                  | memorised: Sandblast; and the following spells available to
                  | memorise: Stone Arrow
     0 | D:1      | Reached XP level 1. HP: 13/13 MP: 4/4
    64 | D:1      | Reached XP level 2. HP: 9/19 MP: 0/5
   620 | D:1      | Reached XP level 3. HP: 25/25 MP: 7/7
  1383 | D:2      | Reached skill level 1 in Invocations
  1495 | D:2      | Reached skill level 1 in Fighting
  1495 | D:2      | Reached skill level 1 in Short Blades
  1495 | D:2      | Reached skill level 1 in Long Blades
  1495 | D:2      | Reached skill level 1 in Axes
  1495 | D:2      | Reached skill level 1 in Polearms
  1495 | D:2      | Reached skill level 1 in Staves
  1495 | D:2      | Reached skill level 1 in Slings
  1495 | D:2      | Reached skill level 1 in Bows
  1495 | D:2      | Reached skill level 1 in Crossbows
  1495 | D:2      | Reached skill level 1 in Throwing
  1495 | D:2      | Reached skill level 1 in Armour
  1495 | D:2      | Reached skill level 1 in Dodging
  1495 | D:2      | Reached skill level 1 in Shields
  1495 | D:2      | Reached skill level 1 in Unarmed Combat
  1495 | D:2      | Reached XP level 4. HP: 32/32 MP: 4/8
  1508 | D:2      | Learned a level 3 spell: Stone Arrow
  2342 | D:3      | Reached skill level 1 in Conjurations
  2342 | D:3      | Reached skill level 1 in Hexes
  2342 | D:3      | Reached skill level 1 in Summonings
  2342 | D:3      | Reached skill level 1 in Necromancy
  2342 | D:3      | Reached skill level 1 in Translocations
  2342 | D:3      | Reached skill level 1 in Transmutations
  2342 | D:3      | Reached skill level 1 in Fire Magic
  2342 | D:3      | Reached skill level 1 in Ice Magic
  2342 | D:3      | Reached skill level 1 in Air Magic
  2342 | D:3      | Reached skill level 1 in Poison Magic
  2526 | D:3      | Found a glowing drain.
  2674 | Sewer    | Entered a sewer
  2729 | Sewer    | Reached XP level 5. HP: 37/37 MP: 9/9
  2955 | Sewer    | HP: 2/55 [poisoned by an adder]
  2957 | Sewer    | Succumbed to an adder's poison

Illustrated notes

Levels and vault maps discovered:
D:1:      dpeg_arrival_signposts, layout_rooms, serial_aquarium,
          aquarium_bridge_straight [aquarium_subvault_bridge,
          aquarium_subvault_balcony, aquarium_subvault_bridge,
          aquarium_subvault_balcony], aquarium_bridge_square
          [aquarium_subvault_balcony, aquarium_subvault_bridge,
          aquarium_subvault_balcony, aquarium_subvault_bridge],
          aquarium_window_corridor_1, aquarium_window_1, aquarium_window_2,
          aquarium_view_2a, aquarium_view_2a, aquarium_pool_2
D:2:      layout_loops_cross, nicolae_wormholes
D:3:      layout_basic, gup_sewer_entry_bowl, basic_ecumenical_altar
Sewer:    sewer_minmay_w

Skill      XL: |  1  2  3  4 |
---------------+-------------+-----
Invocations    | 1 |  1.6
Fighting       | 1 |  1.4
Short Blades   | 1 |  1.4
Long Blades    | 1 |  1.4
Axes           | 1 |  1.4
Polearms       | 1 |  1.4
Staves         | 1 |  1.4
Slings         | 1 |  1.4
Bows           | 1 |  1.4
Crossbows      | 1 |  1.4
Throwing       | 1 |  1.4
Armour         | 1 |  1.4
Dodging        | 1 |  1.4
Shields        | 1 |  1.4
Unarmed Combat | 1 |  1.4
Spellcasting   | 3 |  3.1
Conjurations   | 1 |  1.1
Hexes          | 1 |  1.1
Summonings     | 1 |  1.1
Necromancy     | 1 |  1.1
Translocations | 1 |  1.1
Transmutations | 1 |  1.1
Fire Magic     | 1 |  1.1
Ice Magic      | 1 |  1.1
Air Magic      | 1 |  1.1
Poison Magic   | 1 |  1.1
Maces & Flails | |  6.7
Stealth        | |  2.7
Earth Magic    | |  3.9
Evocations     | |  6.7

Action                   |  1- 3 |  4- 6 || total
-------------------------+-------+-------++-------
Melee: Mace              |    25 |    87 ||   112
       Bite              |     2 |     8 ||    10
Throw: Stone             |     2 |       ||     2
 Cast: Sandblast         |    29 |    32 ||    61
  Use: Scroll            |     2 |     5 ||     7
       Potion            |       |     3 ||     3
Armor: Robe              |     2 |       ||     2
       Ring mail         |     6 |    61 ||    67
       Skin              |       |    10 ||    10
Dodge: Dodged            |    24 |    81 ||   105
